 Dungeon Crawl Stone Soup version 0.17-a0-1951-g62301d3 (webtiles) character file.

150498 Holeefuk the Severer (level 17, -21/237 HPs)
             Began as a Hill Orc Berserker on Oct 2, 2015.
             Was the Champion of Trog.
             Killed from afar by a lich (32 damage)
             ... with an iron shot
             ... on level 1 of the Depths.
             The game lasted 03:04:29 (32141 turns).

Holeefuk the Severer (Hill Orc Berserker)          Turns: 32141, Time: 03:04:29

Health: -21/237    AC: 31    Str: 31    XL:     17   Next: 53%
Magic:  26/26      EV: 14    Int:  7    God:    Trog [******]
Gold:   2642       SH:  0    Dex: 11    Spells: 0 memorised, 16 levels left

rFire  + . .     SeeInvis +     P - +2 battleaxe (elec)
rCold  + . .     Clarity  .     K - +4 scale mail {rC+}
rNeg   . . .     SustAt   .     (no shield)
rPois  .         Gourm    .     u - +2 helmet
rElec  +         Spirit   .     r - +2 cloak {MR+}
rCorr  .         Warding  .     w - +2 pair of gloves
rMut   .         Stasis   .     s - +2 pair of boots "Peuragy" {SInv}
MR     +++..                    (no amulet)
Stlth  ..........               X - ring "Titaurphy" {Fire rElec Slay+2}
                                g - ring of protection from magic

@: berserking, lethally poisoned (-21 -> -21), about to teleport, drained, very
quick, extremely resistant to hostile enchantments, extremely unstealthy
A: thin metallic scales 2, cold resistance 1
a: Burn Spellbooks, Berserk, Trog's Hand, Brothers in Arms, Renounce Religion


You were on level 1 of the Depths.
You worshipped Trog.
Trog was exalted by your worship.
You were very hungry.

You visited 5 branches of the dungeon, and saw 29 of its levels.

You collected 3177 gold pieces.
You spent 535 gold pieces at shops.

Inventory:

Hand weapons
 h - a +3 trident of protection
 p - a +2 broad axe of venom
 O - a +2 demon trident of flaming
 P - a +2 battleaxe of electrocution (weapon)
 S - a +2 executioner's axe of flaming
 T - a +0 vampiric executioner's axe
Missiles
 y - 48 large rocks (quivered)
 z - 7 javelins of returning
Armour
 j - a +0 large shield
 l - a +3 scale mail of fire resistance
 r - a +2 cloak of magic resistance (worn)
 s - the +2 pair of boots "Peuragy" (worn) {SInv}
   (You found it on level 7 of the Lair of Beasts)

   It lets you see invisible.
 u - a +2 helmet (worn)
 w - a +2 pair of gloves (worn)
 K - a +4 scale mail of cold resistance (worn)
Rods
 M - a +1 rod of destruction (10/10)
   (You found it on level 3 of the Lair of Beasts)
Jewellery
 g - a ring of protection from magic (left hand)
 k - an uncursed ring of sustain attributes
 D - an uncursed ring of protection from magic
 F - an uncursed amulet of resist corrosion
 H - an uncursed amulet of stasis
 Q - an uncursed ring of fire
 W - an uncursed ring of invisibility
 X - the ring "Titaurphy" (right hand) {Fire rElec Slay+2}
   (You found it on level 12 of the Dungeon)

   [ring of fire]

   It enhances your fire magic, and weakens your ice magic.
   It affects your accuracy and damage with ranged weapons and melee attacks
   (+2).
   It protects you from fire.
   It makes you vulnerable to cold.
   It insulates you from electricity.
Magical devices
 U - a wand of teleportation (0)
 Z - a wand of hasting (0)
Scrolls
 m - 3 scrolls of enchant armour
 q - 11 scrolls of magic mapping
 t - 4 scrolls of teleportation
 x - 3 scrolls of enchant weapon
 A - 13 scrolls of identify
 R - 3 scrolls of blinking
 V - 3 scrolls of remove curse
Potions
 e - 3 potions of agility
 f - 3 potions of heal wounds
 E - 3 potions of might
 I - 2 potions of flight
 J - 2 potions of resistance
 N - 6 potions of curing
Books
 d - a book of Changes

   Spells                             Type                      Level
   a - Beastly Appendage              Transmutation                1
   b - Sticks to Snakes               Transmutation                2
   c - Spider Form                    Transmutation/Poison         3
   d - Ice Form                       Ice/Transmutation            4
   e - Blade Hands                    Transmutation                5
   Trog disapproves of the use of such an item.
 v - Sif Muna's Handbook of Earthen Transformation
   (You found it on level 15 of the Dungeon)

   Spells                             Type                      Level
   a - Stoneskin                      Transmutation/Earth          2
   b - Passwall                       Transmutation/Earth          3
   c - Petrify                        Transmutation/Earth          4
   Trog disapproves of the use of such an item.
Miscellaneous
 a - a phial of floods
 n - a stone of tremors
Comestibles
 b - a slice of pizza
 c - 13 bread rations
 i - 10 meat rations
 o - 26 beef jerkies
 G - 28 fruits


   Skills:
 * Level 16.2(15.3) Fighting
 - Level 20.3(19.3) Axes
 - Level 7.3(6.6) Throwing
 - Level 15.4(14.5) Armour
 - Level 8.0(7.3) Dodging
 - Level 5.0(4.3) Shields
 - Level 12.1(11.3) Evocations


You had 16 spell levels left.
You didn't know any spells.

Dungeon Overview and Level Annotations

Branches:
Dungeon (15/15)            Temple (0/1) D:5            Lair (8/8) D:10
  Swamp (1/4) Lair:3        Snake (0/4) Lair:3        Slime (0/6) Lair:8
    Orc (3/4) D:10         Depths (2/5) D:15
    Elf: Orc:3-4     Vaults: D:13-14

Altars:
Ashenzari
Dithmenos
Elyvilon
Fedhas
Gozag
Kikubaaqudgha
Makhleb
Nemelex Xobeh
Okawaru
Qazlal
Ru
Sif Muna
Trog
Xom
Yredelemnul
The Shining One
Beogh

Shops:
D:7 (   Orc:1 !   Depths:1 *[

Portals:
Hell: Depths:1

Annotations:
Depths:2 Norris


Innate Abilities, Weirdness & Mutations

You are mostly covered in thin metallic scales (AC +3).
Your flesh is cold resistant.


Message History

The centaur warrior shoots an arrow of dispersal.
The arrow of dispersal barely misses you.
Use which ability?
A red film seems to cover your vision as you go berserk!
You feel yourself moving faster!
You feel mighty!
You are feeling very hungry.
You feel sick. The lich touches you!
* * * LOW HITPOINT WARNING * * *
You feel drained.
* * * LOW HITPOINT WARNING * * *
The centaur warrior shoots an arrow of dispersal.
The arrow of dispersal misses you. The lich closely misses you.
The yaktaur shoots a silver bolt.
The silver bolt hits you!
* * * LOW HITPOINT WARNING * * *
The silver sears you!
* * * LOW HITPOINT WARNING * * *
You completely miss the lich. The lich casts a spell at you.
The iron shot hits you!
You die...

........[.?....##..#(.(#(.##.....
.[....[.).).....###..(((###).....
...................(c.(..(.......
....................cc.(.?..[....
.....................(...........
................###c(..(###......
............)..##..#...#'.##.....
...........)...#...#...#..[#.....
...........))..#@L##...##[>#.....
#...........#######.....####.....
#...........##...................
#...........###..................
#.......).####...................
#.......)[).##...................
#...........####.................
#...........##...................
#...........#....................


You could see a lich, a centaur warrior and 2 yaktaurs.

Vanquished Creatures
  A lich (Depths:2)
  Jorgrun (Depths:1)
  A thorn hunter (Swamp:1)
  Kirke (Lair:6)
  A tengu reaver (Depths:1)
  A fire giant (Depths:1)
  4 very ugly things
  6 stone giants (Depths:1)
  A vampire knight (Depths:1)
  2 merfolk impalers (Depths:1)
  2 great orbs of eyes (Depths:1)
  2 fire dragons (D:15)
  A rakshasa (Depths:1)
  An entropy weaver (Depths:1)
  13 hydras
  Erica (D:8)
  4 ice dragons
  A catoblepas (Lair:6)
  5 ogre magi
  2 deep troll shamans (Depths:1)
  The ghost of flyleaff the Nimble, a powerful KoAs of Dithmenos (D:12)
  A vampire mage (Depths:1)
  2 deep troll earth magi (Depths:1)
  3 centaur warriors
  8 death yaks
  3 tengu warriors
  Urug (Orc:1)
  Nergalle (Lair:1)
  A fire crab (shapeshifter) (D:14)
  3 deep trolls
  3 unseen horrors
  A giant orange brain (D:11)
  A necromancer (Depths:1)
  Pikel (D:9)
  A flayed ghost (Depths:1)
  3 hill giants
  A lindwurm (Lair:8)
  An oklob plant (Lair:1)
  2 orc knights (Orc:3)
  4 griffons
  14 ugly things
  A manticore (D:11)
  An orc sorcerer (Orc:1)
  The ghost of stevs the Covert, an experienced OpAs of Dithmenos (D:6)
  A stone giant zombie (Depths:1)
  5 cyclopes
  14 elephants
  4 centaur zombies
  A salamander (shapeshifter) (Depths:1)
  19 spiny frogs
  6 black mambas
  A gargoyle (D:13)
  A centaur skeleton (D:15)
  7 torpor snails (Lair:8)
  3 fire drakes
  An octopode (shapeshifter) (Depths:1)
  13 yaktaurs
  A kobold demonologist (D:13)
  9 komodo dragons
  2 efreet
  8 polar bears (Lair:8)
  2 trolls
  A tengu conjurer (D:15)
  A queen bee (shapeshifter) (D:13)
  Prince Ribbit (D:9)
  2 bog bodies (Lair:3)
  2 boulder beetles (Lair:8)
  A slime creature (Depths:1)
  3 raiju (Lair:8)
  11 two-headed ogres
  2 blink frogs (shapeshifter) (D:14)
  4 giant leeches
  A trapdoor spider (D:14)
  22 blink frogs
  57 yaks
  A redback (Depths:1)
  3 spriggans
  A tarantella (Depths:1)
  2 water elementals (Depths:1)
  6 hippogriffs
  2 hungry ghosts
  An ettin skeleton (Depths:1)
  4 wraiths
  3 deep elf magi
  A mottled dragon (D:14)
  2 vampires
  A fire dragon skeleton (Depths:1)
  2 wyverns
  3 shadows
  Grum (D:9)
  2 basilisks (Lair:6)
  5 hogs (Lair:6)
  6 vampire mosquitoes
  A steam dragon (D:11)
  8 wargs
  10 water moccasins
  9 porcupines
  A soldier ant (D:13)
  4 nagas (Lair:3)
  21 wolves
  An ettin simulacrum (Depths:1)
  3 hell hounds (Lair:8)
  13 black bears
  A swamp drake (D:10)
  An eye of draining (D:11)
  2 sky beasts
  3 ice beasts
  17 orc warriors
  2 necrophages
  3 boggarts (Depths:1)
  6 wasps
  5 big kobolds
  19 centaurs
  24 ogres
  7 brain worms
  14 crocodiles
  A wyvern zombie (D:15)
  20 giant frogs
  A wyvern skeleton (D:10)
  3 scorpions
  9 killer bees
  17 wights
  A vampire bat (D:6)
  A giant frog zombie (D:8)
  11 crimson imps
  3 quasits
  5 jellies
  18 orc priests
  21 hounds
  Crazy Yiuf (D:4)
  Ijyb (D:2)
  7 giant frog skeletons
  Terence (D:2)
  23 orc wizards
  14 iguanas
  34 sheep
  13 worker ants
  3 hound skeletons
  A hound zombie (D:6)
  Robin (D:2)
  10 gnolls
  11 adders
  99 river rats
  A shadow imp (D:5)
  An adder zombie (D:10)
  4 adder skeletons
  21 worms
  6 giant geckos
  137 orcs
  3 giant cockroaches
  10 goblins
  9 hobgoblins
  11 jackals
  42 kobolds
  6 quokkas
  A ball python (D:1)
  16 bats
  A giant gecko skeleton (D:7)
  A giant gecko zombie (D:6)
  7 giant newts
  2 jackal zombies (D:5)
  A quokka skeleton (D:8)
  8 rats
  A bush (Lair:1)
  14 fungi
  20 plants
1190 creatures vanquished.

Vanquished Creatures (others)
  A centaur (D:15)
  An orc (Orc:1)
  36 fungi
  46 plants
84 creatures vanquished.

Grand Total: 1274 creatures vanquished

Notes
Turn   | Place    | Note
--------------------------------------------------------------
     0 | D:1      | Holeefuk the Hill Orc Berserker began the quest for the Orb.
     0 | D:1      | Reached XP level 1. HP: 19/19 MP: 1/1
   246 | D:1      | Reached XP level 2. HP: 24/26 MP: 2/2
   718 | D:2      | Found an iron altar of Okawaru.
   718 | D:2      | Found an opulent altar of Gozag.
   774 | D:2      | Reached XP level 3. HP: 8/31 MP: 3/3
   999 | D:2      | Found a white marble altar of Elyvilon.
  1074 | D:2      | Noticed Crazy Yiuf
  1122 | D:2      | Noticed Ijyb
  1144 | D:2      | Killed Ijyb
  1144 | D:2      | Reached XP level 4. HP: 26/39 MP: 4/4
  1150 | D:2      | Acquired Trog's second power
  1329 | D:2      | Noticed Terence
  1458 | D:2      | Noticed Robin
  1485 | D:2      | Killed Robin
  1948 | D:3      | Reached XP level 5. HP: 45/45 MP: 5/5
  1962 | D:3      | Found a shattered altar of Ashenzari.
  2367 | D:3      | Found a bloodstained altar of Trog.
  2515 | D:3      | Found a sparkling altar of Nemelex Xobeh.
  2658 | D:4      | Reached skill level 5 in Fighting
  2686 | D:4      | Reached XP level 6. HP: 52/56 MP: 6/6
  3002 | D:4      | Found a sacrificial altar of Ru.
  3092 | D:4      | Killed Crazy Yiuf
  3092 | D:4      | Reached skill level 5 in Axes
  3137 | D:4      | Reached skill level 6 in Axes
  3144 | D:4      | Acquired Trog's third power
  3519 | D:5      | Entered Level 5 of the Dungeon
  3537 | D:4      | Reached XP level 7. HP: 60/60 MP: 7/7
  3558 | D:5      | Reached skill level 7 in Axes
  3803 | D:5      | Reached skill level 5 in Armour
  4188 | D:5      | Reached XP level 8. HP: 58/69 MP: 8/8
  4278 | D:5      | Found a staircase to the Ecumenical Temple.
  4422 | D:5      | Found a stormy altar of Qazlal.
  4429 | D:5      | Found a blossoming altar of Fedhas.
  4602 | D:6      | Found a basalt altar of Yredelemnul.
  4709 | D:6      | Noticed stevs's ghost (experienced OpAs)
  4903 | D:6      | Found a deep blue altar of Sif Muna.
  5876 | D:6      | Reached skill level 8 in Axes
  5876 | D:6      | Reached XP level 9. HP: 78/78 MP: 9/9
  5924 | D:6      | Found a glowing golden altar of the Shining One.
  6258 | D:7      | Found Uruteuwk's Antique Weapon Shop.
  6264 | D:7      | Bought a glowing battleaxe for 136 gold pieces
  6284 | D:7      | Reached skill level 9 in Axes
  6427 | D:7      | Reached skill level 10 in Axes
  6678 | D:7      | Found a shimmering altar of Xom.
  6845 | D:8      | Noticed Erica
  6984 | D:7      | Reached skill level 11 in Axes
  7070 | D:8      | Killed Erica
  7070 | D:8      | Reached skill level 12 in Axes
  7336 | D:8      | Reached XP level 10. HP: 84/84 MP: 10/10
  7456 | D:8      | Reached skill level 13 in Axes
  8021 | D:9      | Noticed Prince Ribbit
  8028 | D:9      | Found a shadowy altar of Dithmenos.
  8031 | D:9      | Killed Prince Ribbit
  8041 | D:9      | Noticed Grum
  8043 | D:9      | Reached skill level 14 in Axes
  8254 | D:9      | Killed Grum
  8679 | D:9      | Noticed Pikel
  8693 | D:9      | Killed Pikel
  8895 | D:10     | Entered Level 10 of the Dungeon
  9002 | D:10     | Found an ancient bone altar of Kikubaaqudgha.
  9020 | D:10     | Found a staircase to the Orcish Mines.
  9487 | D:10     | Reached skill level 10 in Fighting
  9737 | Orc:1    | Entered Level 1 of the Orcish Mines
  9737 | Orc:1    | Noticed Urug
  9737 | Orc:1    | Noticed an orc sorcerer
  9850 | D:11     | Noticed a hill giant
  9876 | D:11     | Reached XP level 11. HP: 99/99 MP: 11/11
 10116 | D:11     | Noticed a cyclops
 10276 | D:11     | Killed a cyclops
 10433 | D:11     | Noticed a manticore
 10440 | D:11     | Killed a manticore
 10440 | D:11     | Reached skill level 15 in Axes
 10639 | D:11     | Noticed a giant orange brain
 10709 | D:11     | Noticed a red ugly thing
 10721 | D:11     | Killed a red ugly thing
 10812 | D:12     | Noticed flyleaff's ghost (powerful KoAs)
 10899 | D:12     | Found a burning altar of Makhleb.
 10926 | D:12     | Received a gift from Trog
 11010 | D:12     | Got a bound brass ring
 11012 | D:12     | Identified the ring "Titaurphy" {Fire rElec Slay+2} (You found it on level 12 of the Dungeon)
 11015 | D:12     | Gained mutation: Your flesh is cold resistant. [potion of beneficial mutation]
 11047 | D:12     | Noticed a hill giant
 11173 | D:12     | Reached skill level 16 in Axes
 11196 | D:12     | Noticed an eight-headed hydra
 11217 | D:12     | Gained mutation: You are partially covered in thin metallic scales (AC +2). [potion of mutation]
 11217 | D:12     | Gained mutation: You are mostly covered in thin metallic scales (AC +3). [potion of mutation]
 11579 | Orc:1    | Killed an orc sorcerer
 11606 | Orc:1    | Found Ryrphuisk's Distillery.
 11615 | Orc:1    | Killed Urug
 11637 | Orc:1    | Upgraded the game from 0.17-a0-1946-gfb768fe to 0.17-a0-1951-g62301d3
 11792 | Orc:1    | Reached skill level 5 in Shields
 11808 | Orc:1    | Reached skill level 1 in Throwing
 12193 | Orc:2    | Received a gift from Trog
 12409 | Orc:3    | Reached XP level 12. HP: 113/113 MP: 12/12
 12410 | Orc:3    | Found a roughly hewn altar of Beogh.
 12486 | Orc:3    | Noticed an orc knight
 12536 | Orc:2    | HP: 5/113 [poisoned by an orc knight]
 12541 | Orc:2    | HP: 3/113 [poisoned by an orc knight]
 12547 | Orc:2    | HP: 1/113 [poisoned by an orc knight]
 12553 | Orc:2    | HP: 1/113 [poisoned by an orc knight]
 12561 | Orc:2    | HP: 1/113 [poisoned by an orc knight]
 12969 | Orc:3    | Killed an orc knight
 13056 | Orc:3    | Received a gift from Trog
 13374 | Orc:3    | Found a runed door.
 13652 | Orc:3    | Noticed an orc knight
 13659 | Orc:3    | Reached skill level 5 in Throwing
 13667 | Orc:3    | Killed an orc knight
 13746 | Orc:3    | Found a roughly hewn altar of Beogh.
 13829 | Orc:1    | Bought a potion of poison for 12 gold pieces
 13829 | Orc:1    | Bought a potion of degeneration for 12 gold pieces
 13902 | D:10     | Noticed a hill giant
 13910 | D:10     | Killed a hill giant
 14023 | D:11     | Killed a giant orange brain
 14214 | D:11     | Killed a five-headed hydra
 14270 | D:11     | Killed a hill giant
 14408 | D:12     | Killed a hill giant
 14408 | D:12     | Reached skill level 17 in Axes
 14756 | D:12     | Killed flyleaff's ghost
 14917 | D:13     | Received a gift from Trog
 15113 | D:13     | Reached skill level 18 in Axes
 15243 | D:13     | Found a sacrificial altar of Ru.
 15444 | D:13     | Reached XP level 13. HP: 119/119 MP: 13/13
 15497 | D:13     | Received a gift from Trog
 15517 | D:13     | Noticed a vault guard
 15587 | D:13     | Noticed a vault guard
 15969 | D:6      | Killed stevs's ghost
 16250 | D:2      | Killed Terence
 16453 | D:10     | Received a gift from Trog
 16541 | D:10     | Found a staircase to the Lair.
 16618 | Lair:1   | Entered Level 1 of the Lair of Beasts
 16751 | Lair:1   | Noticed Nergalle
 16760 | Lair:1   | Killed Nergalle
 16760 | Lair:1   | Reached skill level 19 in Axes
 17576 | Orc:1    | Bought a potion of agility for 48 gold pieces
 17576 | Orc:1    | Bought a potion of might for 48 gold pieces
 18083 | Lair:2   | Received a gift from Trog
 18215 | Lair:2   | Reached skill level 20 in Axes
 18930 | Lair:3   | Identified a +1 rod of destruction (10/10) (You found it on level 3 of the Lair of Beasts)
 18938 | Lair:3   | Found a staircase to the Swamp.
 18994 | Lair:3   | Received a gift from Trog
 19174 | Lair:3   | Found a staircase to the Snake Pit.
 19267 | Lair:3   | Reached skill level 10 in Armour
 19320 | Lair:3   | Reached XP level 14. HP: 102/127 MP: 14/14
 20004 | Lair:4   | Reached skill level 1 in Evocations
 20960 | Lair:6   | Reached skill level 5 in Evocations
 21320 | Lair:3   | Received a gift from Trog
 22002 | Lair:6   | Noticed Kirke
 22011 | Lair:6   | Killed Kirke
 22568 | Lair:7   | Got a pair of warped boots
 22579 | Lair:7   | Identified the +2 pair of boots "Peuragy" {SInv} (You found it on level 7 of the Lair of Beasts)
 22808 | Lair:7   | Reached skill level 10 in Evocations
 23212 | Lair:8   | Entered Level 8 of the Lair of Beasts
 23222 | Lair:8   | Received a gift from Trog
 23222 | Lair:8   | Reached XP level 15. HP: 134/134 MP: 22/22
 23647 | Lair:8   | Found a staircase to the Slime Pits.
 23743 | Lair:8   | Reached skill level 5 in Dodging
 23792 | Lair:8   | Received a gift from Trog
 23867 | Lair:8   | Received a gift from Trog
 24818 | Lair:8   | Received a gift from Trog
 24943 | Lair:8   | Found a runed door.
 25461 | Swamp:1  | Entered Level 1 of the Swamp
 25466 | Swamp:1  | Noticed a thorn hunter
 25614 | Swamp:1  | Killed a thorn hunter
 26103 | D:14     | Reached XP level 16. HP: 132/141 MP: 25/25
 26183 | D:14     | Got a bloodstained rapier
 26184 | D:14     | Identified the cursed +1 rapier of the Dead {venom, rF++ Str+2 SInv} (You found it on level 14 of the Dungeon)
 26197 | D:14     | Received a gift from Trog
 26892 | D:15     | Entered Level 15 of the Dungeon
 27111 | D:15     | Identified Sif Muna's Handbook of Earthen Transformation
 27455 | D:15     | Found a staircase to the Depths.
 27792 | Depths:1 | Entered Level 1 of the Depths
 27836 | Depths:1 | Received a gift from Trog
 27836 | Depths:1 | Reached skill level 15 in Fighting
 28528 | Depths:1 | Received a gift from Trog
 29366 | Depths:1 | Noticed Jorgrun
 29654 | Depths:1 | Killed Jorgrun
 29679 | Depths:1 | Reached XP level 17. HP: 114/156 MP: 26/26
 30110 | Depths:1 | Found Buliliakka's Blood Bar.
 30569 | Depths:1 | Received a gift from Trog
 30863 | Depths:1 | Found a gateway to Hell.
 30880 | Depths:1 | Reached skill level 15 in Armour
 31297 | Depths:1 | Found Jautite's Armour Shoppe.
 31302 | Depths:1 | Bought a +2 cloak of magic resistance for 279 gold pieces
 31862 | Depths:2 | Noticed a lich
 31891 | Depths:2 | Killed a lich
 31966 | Depths:2 | Noticed a lich
 32135 | Depths:2 | Noticed Norris
 32140 | Depths:1 | HP: 11/237 [yaktaur/silver bolt (1)]
 32141 | Depths:1 | Killed from afar by a lich

Vault maps used:
D:1:      arrival_zaba_pyramid
D:2:      overflow_temple_1_default, okawaru_ov_weapons_minmay, first_bread,
          minmay_misc_feat_tiny, grunt_gozag_statues, uniq_crazy_yiuf_cottage,
          uniq_robin, uniq_iyjb, uniq_terence
D:3:      overflow_temple_1_default, bloody_trog, nemelex_deck, glass_columns_b,
          grunt_decor_arrowhead
D:4:      kennysheep_kobold_camp, hangedman_ru_absence
D:5:      grunt_temple_overflow_forces_of_nature, minmay_temple_entry_overgrown
D:6:      lemuel_crystal_altar, kennysheep_mini_moat, yredelemnul_altar_generic,
          roderic_batcave
D:7:      nicolae_overflow_crystal_walls, serial_shops,
          nicolae_shop_overgrown_old_shop, grunt_ogre_cave, solitary_fountain
D:8:      solitary_fountain, uniq_erica
D:9:      nicolae_dithmenos_through_a_glass_darkly, uniq_pikel, uniq_grum,
          uniq_prince_ribbit1
D:10:     wad_woods_stonehenge, erik_lair_dragon, stair_cage_wide
D:11:     minmay_brain_eaters
D:12:     basic_altar, grunt_decor_fettered
D:13:     grunt_vaults_entry_fortified, basic_altar
D:14:     minmay_misc_feat_pillars
D:15:     grunt_enter_depths_hoard, serial_bayou_pond_e, lemuel_freeze_loot_1
Lair:1:   minmay_lair_oklob_items, beast_lair_carwin_7, uniq_nergalle
Lair:3:   swamp_mist, guppyfry_snake_entry_garden, lemuel_fruit_fields
Lair:4:   bh_autumn_forest_stairs
Lair:5:   st_stairs_10, grunt_megastairs_3, lemuel_fruit_fields
Lair:6:   lemuel_fruit_tree, uniq_kirke
Lair:7:   fungi_pond_lemuel
Lair:8:   wormcave, hangedman_lair_caniforms_friends, slime_dummy,
          grunt_forest_large_clearing_hut
Swamp:1:  nicolae_swamp_fairy_circle
Orc:1:    serial_shops, shop, uniq_urug
Orc:3:    basic_altar, nicolae_orc_pool_cavern, lightli_church_of_beogh
Depths:1: serial_shops, nicolae_shop_crystal, hell_entry, nrook_mini_backslash,
          grunt_ministairs_6, minivault_14, guppyfry_shop_blood, uniq_jorgrun
Depths:2: minmay_nine_rooms, fountainhead, grunt_hell_entry_dis_old,
          minmay_tree_intersection, minmay_misc_feat_cross,
          serial_bayou_shore_a, minmay_staircase_windowed_small, uniq_norris

Action                   |  1- 3 |  4- 6 |  7- 9 | 10-12 | 13-15 | 16-18 || total
-------------------------+-------+-------+-------+-------+-------+-------++-------
Melee: Hand axe          |   106 |   392 |   629 |       |       |       ||  1127
       Battleaxe         |       |       |    77 |   401 |   869 |   484 ||  1831
       War axe           |       |       |       |   339 |       |       ||   339
       Executioner's axe |       |       |       |     6 |   214 |    35 ||   255
       Broad axe         |       |       |       |       |    52 |    37 ||    89
       Demon trident     |       |       |       |       |       |     7 ||     7
Invok: Berserk           |       |     2 |     3 |     9 |     8 |    11 ||    33
Evoke: Wand              |       |       |       |     5 |     1 |     2 ||     8
  Use: Potion            |       |       |     1 |     8 |     3 |     5 ||    17
       Scroll            |       |       |       |    17 |     3 |     5 ||    25
  Eat: Chunk             |       |     8 |     8 |    27 |    42 |    19 ||   104
       Fruit             |       |     2 |     4 |       |     3 |     3 ||    12
       Meat ration       |       |       |     1 |     1 |       |     1 ||     3
       Beef jerky        |       |       |     1 |     4 |     1 |     2 ||     8
       Royal jelly       |       |       |     1 |     1 |     1 |       ||     3
       Pizza             |       |       |       |       |     1 |       ||     1
